AA
WASHINGTON OAKS @ FREDERICK STARS
05/18/2060
 
TOP OF THE 1ST
Washington Oaks batting - Pitching for Frederick Stars : RHP Frank Shell
Pitching: RHP Frank Shell
Batting: RHB Parker Capalbo 0-0: Ball
1-0: SINGLE (Line Drive, 89S, EV 97.5 MPH)
Batting: SHB Benny Adcox 0-0: Ball
Parker Capalbo steals 2nd base
1-0: Fly out, F6 (Popup, 6M, EV 55.6 MPH)
Batting: SHB Malcolm Peters 0-0: Ball
Wild Pitch!
Parker Capalbo to third
1-0: Ball
2-0: SINGLE (Line Drive, 78M, EV 100.0 MPH)
Parker Capalbo scores
Batting: LHB Elmer Duquette 0-0: Foul Ball, location: 2F
0-1: Foul Ball, location: 2F
0-2: Ball
1-2: Ball
2-2: Foul Ball, location: 2F
2-2: Strikes out looking
Batting: LHB Ethan DeBoer 0-0: Foul Ball, location: 2F
0-1: Foul Ball, location: 2F
0-2: Strikes out swinging
Top of the 1st over - 1 run, 2 hits, 0 errors, 1 left on base; Washington 1 - Frederick 0
BOTTOM OF THE 1ST
Frederick Stars batting - Pitching for Washington Oaks : RHP Alphonse Lamaalem
Pitching: RHP Alphonse Lamaalem
Batting: RHB Mitchell Metz 0-0: Called Strike
0-1: Ball
1-1: Foul Ball, location: 2F
1-2: Ball
2-2: Ball
3-2: Base on Balls
Batting: RHB Dalton Seaton 0-0: Ball
1-0: Foul Ball, location: 2F
1-1: Grounds into double play, 4-6-3 (Groundball, 4, EV 83.1 MPH)
Batting: LHB Brad Moore 0-0: Swinging Strike
0-1: Ground out 4-3 (Groundball, 4, EV 105.0 MPH)
Bottom of the 1st over - 0 runs, 0 hits, 0 errors, 0 left on base; Washington 1 - Frederick 0
TOP OF THE 2ND
Washington Oaks batting - Pitching for Frederick Stars : RHP Frank Shell
Batting: LHB Topher Delano 0-0: Ball
1-0: Fly out, F7 (Flyball, 7LS, EV 73.8 MPH)
Batting: SHB Frank Kimery 0-0: Foul Ball, location: 2F
0-1: Called Strike
0-2: Ball
1-2: Ball
2-2: Ground out 1-3 (Groundball, 15S, EV 70.6 MPH)
Batting: RHB Erick Hartman 0-0: Ball
1-0: Foul Ball, location: 2F
1-1: Ball
2-1: Ball
3-1: Foul Ball, location: 2F
3-2: Foul Ball, location: 2F
3-2: Fly out, F7 (Line Drive, 7S, EV 98.1 MPH)
Top of the 2nd over - 0 runs, 0 hits, 0 errors, 0 left on base; Washington 1 - Frederick 0
BOTTOM OF THE 2ND
Frederick Stars batting - Pitching for Washington Oaks : RHP Alphonse Lamaalem
Batting: RHB Isaiah Peterson 0-0: SINGLE (Groundball, 6MS, EV 65.0 MPH) (infield hit)
Batting: LHB Steven Widerman 0-0: Called Strike
0-1: Ball
1-1: Ball
2-1: Ball
3-1: Base on Balls
Isaiah Peterson to second
Batting: RHB Fabyon Choi 0-0: Called Strike
0-1: Ball
1-1: Foul Ball, location: 2F
1-2: Strikes out looking
Batting: RHB Carston Abidugun 0-0: Fly out, F7 (Flyball, 78D, EV 103.1 MPH)
Batting: RHB Furman Mendoza 0-0: Foul Ball, location: 2F
0-1: Fly out, F5 (Flyball, 5D, EV 95.6 MPH)
Bottom of the 2nd over - 0 runs, 1 hit, 0 errors, 2 left on base; Washington 1 - Frederick 0
TOP OF THE 3RD
Washington Oaks batting - Pitching for Frederick Stars : RHP Frank Shell
Batting: RHB Andrew Stejskal 0-0: Ball
1-0: Ball
2-0: Called Strike
2-1: Ground out 4-3 (Groundball, 4, EV 83.1 MPH)
Batting: RHB Parker Capalbo 0-0: Ball
1-0: Ball
2-0: Ball
3-0: Base on Balls
Batting: SHB Benny Adcox 0-0: Ball
1-0: Ball
2-0: Called Strike
2-1: Swinging Strike
2-2: Strikes out swinging
Batting: SHB Malcolm Peters 0-0: Ground out U3 (Groundball, 3L, EV 110.6 MPH)
Top of the 3rd over - 0 runs, 0 hits, 0 errors, 1 left on base; Washington 1 - Frederick 0
BOTTOM OF THE 3RD
Frederick Stars batting - Pitching for Washington Oaks : RHP Alphonse Lamaalem
Batting: LHB Harrison Ruto 0-0: Called Strike
0-1: Swinging Strike
0-2: Ground out 6-3 (Groundball, 6, EV 100.6 MPH)
Batting: RHB Mitchell Metz 0-0: Called Strike
0-1: Ball
1-1: Ball
2-1: Ball
3-1: Swinging Strike
3-2: Strikes out swinging
Batting: RHB Dalton Seaton 0-0: Ball
1-0: Ground out 4-3 (Groundball, 4, EV 103.1 MPH)
Bottom of the 3rd over - 0 runs, 0 hits, 0 errors, 0 left on base; Washington 1 - Frederick 0
TOP OF THE 4TH
Washington Oaks batting - Pitching for Frederick Stars : RHP Frank Shell
Batting: LHB Elmer Duquette 0-0: Ball
1-0: Called Strike
1-1: Ball
2-1: Swinging Strike
2-2: Ball
3-2: Foul Ball, location: 2F
3-2: Strikes out swinging
Batting: LHB Ethan DeBoer 0-0: Ball
1-0: Called Strike
1-1: Called Strike
1-2: Ball
2-2: Foul Ball, location: 2F
2-2: Ball
3-2: Base on Balls
Batting: LHB Topher Delano 0-0: Ball
Ethan DeBoer steals 2nd base
1-0: Ball
Wild Pitch!
Ethan DeBoer to third
2-0: Called Strike
2-1: Foul Ball, location: 2F
2-2: Strikes out swinging
Batting: SHB Frank Kimery 0-0: Called Strike
0-1: Foul Ball, location: 2F
0-2: Fly out, F9 (Flyball, 9, EV 79.4 MPH)
Top of the 4th over - 0 runs, 0 hits, 0 errors, 1 left on base; Washington 1 - Frederick 0
BOTTOM OF THE 4TH
Frederick Stars batting - Pitching for Washington Oaks : RHP Alphonse Lamaalem
Batting: LHB Brad Moore 0-0: Foul Ball, location: 2F
0-1: Called Strike
0-2: Ball
1-2: Foul Ball, location: 2F
1-2: SINGLE (Groundball, 6M, EV 83.8 MPH) (infield hit)
Batting: RHB Isaiah Peterson 0-0: Ball
1-0: Foul Ball, location: 2F
1-1: Swinging Strike
1-2: Ball
2-2: Ball
3-2: Foul Ball, location: 2F
3-2: Strikes out looking
Brad Moore steals 2nd base
Batter strikes out.
Batting: LHB Steven Widerman 0-0: Called Strike
Brad Moore is caught stealing 3rd base 2-5
0-1: Called Strike
0-2: Fly out, F4 (Line Drive, 34D, EV 63.1 MPH)
Bottom of the 4th over - 0 runs, 1 hit, 0 errors, 0 left on base; Washington 1 - Frederick 0
TOP OF THE 5TH
Washington Oaks batting - Pitching for Frederick Stars : RHP Frank Shell
Pitching: LHP LaSean Wheeler
Batting: RHB Erick Hartman 0-0: Called Strike
0-1: Fly out, F7 (Line Drive, 7S, EV 99.4 MPH)
Batting: RHB Andrew Stejskal 0-0: Foul Ball, location: 2F
0-1: Ball
1-1: Ball
2-1: Fly out, F9 (Flyball, 9, EV 87.5 MPH)
Batting: RHB Parker Capalbo 0-0: Called Strike
0-1: Called Strike
0-2: Fly out, F7 (Flyball, 7LS, EV 85.0 MPH)
Top of the 5th over - 0 runs, 0 hits, 0 errors, 0 left on base; Washington 1 - Frederick 0
BOTTOM OF THE 5TH
Frederick Stars batting - Pitching for Washington Oaks : RHP Alphonse Lamaalem
Batting: RHB Fabyon Choi 0-0: Foul Ball, location: 2F
0-1: Called Strike
0-2: Ball
1-2: Ball
2-2: Ball
3-2: Foul Ball, location: 2F
3-2: Foul Ball, location: 2F
3-2: SINGLE (Line Drive, 8RS, EV 86.2 MPH)
Batting: RHB Carston Abidugun 0-0: Called Strike
0-1: Ball
1-1: Fielders Choice at 2nd, 1-6 (Groundball, 34S, EV 68.1 MPH)
Batting: RHB Furman Mendoza 0-0: Called Strike
0-1: Ball
1-1: Swinging Strike
1-2: Strikes out looking
Batting: LHB Harrison Ruto 0-0: Called Strike
0-1: Fly out, F7 (Flyball, 7D, EV 89.4 MPH)
Bottom of the 5th over - 0 runs, 1 hit, 0 errors, 1 left on base; Washington 1 - Frederick 0
TOP OF THE 6TH
Washington Oaks batting - Pitching for Frederick Stars : LHP LaSean Wheeler
Batting: SHB Benny Adcox 0-0: Foul Ball, location: 2F
0-1: Ball
1-1: Ball
2-1: Called Strike
2-2: Strikes out looking
Batting: SHB Malcolm Peters 0-0: Ball
1-0: Foul Ball, location: 2F
1-1: Ball
2-1: Fly out, F9 (Flyball, 9, EV 92.5 MPH)
Batting: LHB Elmer Duquette 0-0: Ball
1-0: Swinging Strike
1-1: Called Strike
1-2: Foul Ball, location: 2F
1-2: Ball
2-2: Foul Ball, location: 2F
2-2: Ball
3-2: Ground out 3-1 (Groundball, 34S, EV 85.0 MPH)
Top of the 6th over - 0 runs, 0 hits, 0 errors, 0 left on base; Washington 1 - Frederick 0
BOTTOM OF THE 6TH
Frederick Stars batting - Pitching for Washington Oaks : RHP Alphonse Lamaalem
Batting: RHB Mitchell Metz 0-0: Swinging Strike
0-1: Called Strike
0-2: Strikes out swinging
Batting: RHB Dalton Seaton 0-0: Ball
1-0: Called Strike
1-1: Ball
2-1: Ball
3-1: Called Strike
3-2: SINGLE (Groundball, 6S, EV 72.5 MPH) (infield hit)
Batting: LHB Brad Moore 0-0: Ball
1-0: Ball
2-0: Foul Ball, location: 2F
2-1: Grounds into double play, 4-6-3 (Groundball, 4, EV 91.2 MPH)
Bottom of the 6th over - 0 runs, 1 hit, 0 errors, 0 left on base; Washington 1 - Frederick 0
TOP OF THE 7TH
Washington Oaks batting - Pitching for Frederick Stars : LHP LaSean Wheeler
Batting: LHB Ethan DeBoer 0-0: Called Strike
0-1: Called Strike
0-2: Ball
1-2: Ball
2-2: Foul Ball, location: 2F
2-2: Ball
3-2: Ground out 1-3 (Groundball, 13, EV 68.8 MPH)
Batting: LHB Topher Delano 0-0: SINGLE (Groundball, 6MD, EV 97.5 MPH)
Pitching: RHP Elias Krause
Batting: SHB Frank Kimery 0-0: Called Strike
0-1: Called Strike
0-2: Strikes out looking
Batting: RHB Erick Hartman 0-0: Called Strike
0-1: Ball
1-1: Ball
2-1: Ball
3-1: Called Strike
3-2: Base on Balls
Topher Delano to second
Pinch Runner at 2nd Tristin Curtis:
Batting: RHB Andrew Stejskal 0-0: Called Strike
0-1: Called Strike
0-2: Ball
1-2: Fly out, F8 (Flyball, 89M, EV 74.4 MPH)
Top of the 7th over - 0 runs, 1 hit, 0 errors, 2 left on base; Washington 1 - Frederick 0
BOTTOM OF THE 7TH
Frederick Stars batting - Pitching for Washington Oaks : RHP Alphonse Lamaalem
Now at 3B: Lucas Murray
Batting: RHB Isaiah Peterson 0-0: Ball
1-0: Swinging Strike
1-1: Ball
2-1: Swinging Strike
2-2: Foul Ball, location: 2F
2-2: Strikes out swinging
Batting: LHB Steven Widerman 0-0: Called Strike
0-1: Ball
1-1: Called Strike
1-2: Strikes out swinging
Batting: RHB Fabyon Choi 0-0: Foul Ball, location: 2F
0-1: Foul Ball, location: 2F
0-2: Ball
1-2: Foul Ball, location: 2F
1-2: Ball
2-2: Ball
3-2: SINGLE (Groundball, 6M, EV 110.6 MPH) (infield hit)
Pinch Hitting: LHB Earnest Feher 0-0: Called Strike
0-1: Foul Ball, location: 2F
0-2: Foul Ball, location: 2F
0-2: Fly out, F8 (Flyball, 78M, EV 83.8 MPH)
Bottom of the 7th over - 0 runs, 1 hit, 0 errors, 1 left on base; Washington 1 - Frederick 0
TOP OF THE 8TH
Washington Oaks batting - Pitching for Frederick Stars : RHP Elias Krause
Now at 3B: Fabyon Choi
Now at SS: Abraham Koziarz
Batting: RHB Parker Capalbo 0-0: Ground out 1-5-3 (Groundball, 15S, EV 97.5 MPH)
Batting: SHB Benny Adcox 0-0: Ball
1-0: Fly out, F7 (Flyball, 7, EV 96.9 MPH)
Batting: SHB Malcolm Peters 0-0: SOLO HOME RUN (Line Drive, 7D, EV 103.1 MPH), Distance : 410 ft
Batting: LHB Elmer Duquette 0-0: Foul Ball, location: 2F
0-1: Ball
1-1: Fly out, F8 (Flyball, 8RM, EV 92.5 MPH)
Top of the 8th over - 1 run, 1 hit, 0 errors, 0 left on base; Washington 2 - Frederick 0
BOTTOM OF THE 8TH
Frederick Stars batting - Pitching for Washington Oaks : RHP Alphonse Lamaalem
Batting: RHB Furman Mendoza 0-0: Called Strike
0-1: DOUBLE (Line Drive, 8LXD, EV 108.8 MPH)
Batting: LHB Harrison Ruto 0-0: Ground out 6-3 (Groundball, 6, EV 105.6 MPH)
Pitching: RHP Leland Hughes
Batting: RHB Mitchell Metz 0-0: Called Strike
0-1: Ball
1-1: TRIPLE (Groundball, 3L, EV 108.1 MPH)
Furman Mendoza scores
Batting: RHB Dalton Seaton 0-0: Ball
1-0: Called Strike
1-1: Fly out, F8 (Flyball, 8RS, EV 90.6 MPH)
Pitching: LHP Gaige Holshouser
Batting: LHB Brad Moore 0-0: Ball
1-0: Foul Ball, location: 2F
1-1: Foul Ball, location: 2F
1-2: Fly out, F6 (Popup, 6M, EV 67.5 MPH)
Bottom of the 8th over - 1 run, 2 hits, 0 errors, 1 left on base; Washington 2 - Frederick 1
TOP OF THE 9TH
Washington Oaks batting - Pitching for Frederick Stars : RHP Elias Krause
Batting: LHB Ethan DeBoer 0-0: Swinging Strike
0-1: Ball
1-1: Ball
2-1: Ground out 4-3 (Groundball, 4M, EV 85.0 MPH)
Batting: LHB Lucas Murray 0-0: Ground out U3 (Groundball, 3, EV 108.1 MPH)
Batting: SHB Frank Kimery 0-0: Ball
1-0: Ground out U3 (Groundball, 34S, EV 75.6 MPH)
Top of the 9th over - 0 runs, 0 hits, 0 errors, 0 left on base; Washington 2 - Frederick 1
BOTTOM OF THE 9TH
Frederick Stars batting - Pitching for Washington Oaks : LHP Gaige Holshouser
Pitching: RHP Jayden Andre
Batting: RHB Isaiah Peterson 0-0: Called Strike
0-1: Swinging Strike
0-2: Ball
1-2: Strikes out swinging
Batting: LHB Steven Widerman 0-0: Swinging Strike
0-1: Called Strike
0-2: Foul Ball, location: 2F
0-2: Strikes out swinging
Batting: RHB Fabyon Choi 0-0: SINGLE (Line Drive, 7S, EV 100.6 MPH)
Batting: RHB Abraham Koziarz 0-0: DOUBLE (Line Drive, 7LS, EV 107.5 MPH)
Fabyon Choi to third
Batting: RHB Furman Mendoza 0-0: SINGLE (Groundball, 34D, EV 106.2 MPH)
Fabyon Choi scores
Abraham Koziarz to third
Runner from 3rd tries for Home, SAFE, throw by RF to home
Bottom of the 9th over - 2 runs, 3 hits, 0 errors, 1 left on base; Washington 2 - Frederick 3
Wednesday, May 1st , 2024 - OOTP Baseball 23.10 Build 110